Philadelphia Phantoms vs Reno Silver Aces
Created - Saturday, October 5, 2024 at 07:01
Goals
|
| Philadelphia Phantoms |
1 |
2 |
1 |
4 |
| Reno Silver Aces |
0 |
1 |
1 |
2 |
|
Shots
|
| Philadelphia Phantoms |
6 |
12 |
15 |
33 |
| Reno Silver Aces |
11 |
6 |
17 |
34 |
|
1st period
1. Philadelphia Phantoms , Jack McBain 11 (Brett Murray 13) at 13:08
Penalties :
Nicolas Deslauriers (RSA) for Fighting (Major) at 0:42, Marcus Bjork (PHP) for Fighting (Major) at 0:42, Brendan Lemieux (RSA) for Roughing (Minor) at 2:31, Mathieu Olivier (RSA) for Tripping (Minor) at 6:27, Michael Pezzetta (RSA) for Interference (Minor) at 8:44
2nd period
2. Philadelphia Phantoms , Brett Murray 11 (Nick Blankenburg 8, Jake Allen) at 17:13 (PP)
3. Philadelphia Phantoms , Jack McBain 12 (Marcus Bjork 9, Ryan Johnson 7) at 17:21
4. Reno Silver Aces , Michael Pezzetta 23 (Patrick Brown 24) at 17:25
Penalties :
Nicolas Deslauriers (RSA) for Slashing (Minor) at 2:51, Michael Pezzetta (RSA) for High sticking (Minor) at 6:56, Dylan Coghlan (RSA) for Hooking (Minor) at 16:46
3rd period
5. Philadelphia Phantoms , Jack McBain 13 (Tyler Kleven 9) at 6:56 (PP)
6. Reno Silver Aces , Patrick Brown 15 (Michael Pezzetta 21, Vinnie Hinostroza 24) at 17:30
Penalties :
Michael Pezzetta (RSA) for Fighting (Major) at 3:41, Nick Blankenburg (PHP) for Fighting (Major) at 3:41, Peter Abbandonato (RSA) for Holding (Minor) at 5:46, Nicolas Deslauriers (RSA) for Fighting (Major) at 7:55, Brett Murray (PHP) for Fighting (Major) at 7:55, Egor Afanasyev (PHP) for Tripping (Minor) at 8:39, Brendan Lemieux (RSA) for Interference (Minor) at 11:00, Nicolas Deslauriers (RSA) for Fighting (Major / Game Misconduct) at 19:10, Brandon Duhaime (PHP) for Fighting (Major) at 19:10
Goalie Stats
Jake Allen (PHP), 32 saves from 34 shots - (0.941), W, 3-0-0, 60:00 minutes
Philipp Grubauer (RSA), 29 saves from 33 shots - (0.879), L, 5-9-3, 60:00 minutes
Players Stats for Philadelphia Phantoms
Player Name G A P +/- PIM S H SB GA TA FO MP PP MP PK MP
------------------------------------------------------------------------------------
Alex Steeves 0 0 0 0 0 2 2 1 1 0 0/2 17:00 6:27 0:00
Brandon Duhaime 0 0 0 0 5 3 2 1 1 1 0/1 12:30 0:34 1:00
Brett Murray 1 1 2 0 5 1 0 1 0 0 0/3 17:24 5:55 0:00
Egor Afanasyev 0 0 0 0 2 1 2 0 0 0 11/16 16:59 6:27 0:00
Jack McBain 3 0 3 0 0 6 1 1 0 0 9/16 18:39 6:46 1:01
James Malatesta 0 0 0 0 0 0 1 2 0 0 0/1 17:55 6:17 0:00
Jaret Anderson-Dolan 0 0 0 0 0 4 1 0 0 0 0/0 12:16 0:14 0:00
Juuso Parssinen 0 0 0 0 0 5 1 0 0 1 0/1 17:36 6:18 0:43
Louis Crevier 0 0 0 -1 0 1 0 0 0 0 0/0 12:56 0:00 0:00
Lukas Rousek 0 0 0 0 0 3 1 0 0 0 0/0 11:26 0:00 0:00
Marcus Bjork 0 1 1 1 5 0 1 0 0 2 0/0 14:57 0:00 1:05
Nick Blankenburg 0 1 1 0 5 2 1 3 0 1 0/0 21:22 6:04 0:42
Nils Aman 0 0 0 0 0 2 0 0 0 0 6/10 13:26 1:06 0:00
Pontus Holmberg 0 0 0 0 0 0 2 1 0 0 4/7 12:46 0:00 0:55
Ryan Johnson 0 1 1 1 0 1 1 0 0 0 0/0 22:16 6:11 0:59
Tye Kartye 0 0 0 0 0 1 2 1 0 0 0/0 17:32 6:46 0:19
Tyler Kleven 0 1 1 -1 0 0 1 2 0 0 0/0 16:30 1:16 0:32
William Borgen 0 0 0 0 0 1 3 3 1 0 0/0 24:46 7:14 1:00
Players Stats for Reno Silver Aces
Player Name G A P +/- PIM S H SB GA TA FO MP PP MP PK MP
------------------------------------------------------------------------------------
Brendan Lemieux 0 0 0 -1 4 1 2 0 0 0 0/0 14:50 0:00 0:49
Dylan Coghlan 0 0 0 0 2 2 2 0 0 0 0/0 21:23 1:13 6:24
Jeremie Poirier 0 0 0 0 0 0 0 0 0 0 0/0 11:33 0:00 0:06
Jon Merrill 0 0 0 0 0 3 1 1 1 1 0/0 26:29 0:46 6:46
Luca Del Bel Belluz 0 0 0 0 0 2 1 0 0 0 3/7 7:23 0:00 0:00
Mathieu Olivier 0 0 0 0 2 4 3 1 0 0 0/0 17:40 0:47 4:48
Michael Pezzetta 1 1 2 1 9 2 3 0 1 0 3/3 18:51 0:52 3:37
Nicolas Deslauriers 0 0 0 -1 27 3 2 0 0 1 0/0 11:45 0:00 0:00
Patrick Brown 1 1 2 1 0 2 2 0 0 0 9/17 12:08 1:00 0:00
Peter Abbandonato 0 0 0 0 2 0 3 0 0 0 0/0 8:13 0:32 1:29
Robert Bortuzzo 0 0 0 0 0 3 0 4 0 0 0/0 26:29 0:46 6:46
Samuel Poulin 0 0 0 -1 0 1 2 1 0 0 5/11 17:38 0:12 4:00
Tanner Laczynski 0 0 0 0 0 1 3 0 0 0 5/10 12:43 0:47 0:00
Ty Smith 0 0 0 0 0 0 2 1 0 0 0/0 21:58 1:13 6:39
Valtteri Puustinen 0 0 0 0 0 5 3 0 0 1 2/9 19:14 0:47 6:24
Vinnie Hinostroza 0 1 1 1 0 3 1 0 2 0 0/0 18:30 1:00 5:55
William Dufour 0 0 0 0 0 2 1 0 1 0 0/0 7:23 0:00 0:00
William Villeneuve 0 0 0 0 0 0 2 2 0 0 0/0 12:07 0:00 0:21
3 Stars
1 - Jack McBain (PHP)
2 - Patrick Brown (RSA)
3 - Jake Allen (PHP)
Power Play
Philadelphia Phantoms - 2 on 8 Attempt(s) - 25.00%
Reno Silver Aces - 0 on 1 Attempt(s) - 0.00%
Penalty Kill
Philadelphia Phantoms - 1 on 1 Attempt(s) - 100.00%
- Score 0 goal in Penalty Kill
Reno Silver Aces - 6 on 8 Attempt(s) - 75.00%
- Score 0 goal in Penalty Kill
Team Stat
Philadelphia Phantoms - Hits : 22 - Faceoff Wins : 30 - Blocked Shots : 16 - Penalty Minutes : 22
Reno Silver Aces - Hits : 33 - Faceoff Wins : 27 - Blocked Shots : 10 - Penalty Minutes : 46
Official
Referees : Wes Mccauley and Kendrick Nicholson
Linesman : Kiel Murchison and Matt MacPherson
Game Notes
Nicolas Deslauriers beats up Marcus Bjork at 0:42 of 1st period
Nick Blankenburg beats up Michael Pezzetta at 3:41 of 3rd period
Jack McBain has scored a Hat Trick!
Nicolas Deslauriers and Brett Murray fight to a draw at 7:55 of 3rd period
Nicolas Deslauriers and Brandon Duhaime fight to a draw at 19:10 of 3rd period
Nicolas Deslauriers (RSA) for Fighting (Major / Game Misconduct) at 19:10
Nicolas Deslauriers ejected from game at 19:10 of 3rd period
Philadelphia Phantoms
5 vs 5 Forward
Center Left Wing Right Wing Time % Phy DF OF
1 Egor Afanasyev Juuso Parssinen Alex Steeves 25 0 3 2
2 Jack McBain Tye Kartye Brett Murray 25 0 3 2
3 Pontus Holmberg James Malatesta Jaret Anderson-Dolan 25 0 3 2
4 Nils Aman Brandon Duhaime Lukas Rousek 25 0 3 2
5 vs 5 Defense
Defense Defense Time % Phy DF OF
1 William Borgen Nick Blankenburg 35 0 3 2
2 Ryan Johnson Marcus Bjork 35 0 3 2
3 Tyler Kleven Louis Crevier 30 0 3 2
4 William Borgen Nick Blankenburg 0 0 3 2
PowerPlay Forward
Center Left Wing Right Wing Time % Phy DF OF
1 Egor Afanasyev Juuso Parssinen Alex Steeves 50 0 1 4
2 Jack McBain Tye Kartye Brett Murray 50 0 1 4
PowerPlay Defense
Defense Defense Time % Phy DF OF
1 William Borgen Nick Blankenburg 50 0 1 4
2 Ryan Johnson James Malatesta 50 0 1 4
Penalty Kill 4 Players Forward
Center Wing Time % Phy DF OF
1 Jack McBain Brandon Duhaime 50 0 4 1
2 Pontus Holmberg Brett Murray 50 0 4 1
Penalty Kill 4 Players Defense
Defense Defense Time % Phy DF OF
1 William Borgen Nick Blankenburg 50 0 4 1
2 Ryan Johnson Marcus Bjork 50 0 4 1
Penalty Kill - 3 Players Forward
Forward Time % Phy DF OF
1 Jack McBain 50 0 5 0
2 Brandon Duhaime 50 0 5 0
Penalty Kill - 3 Players Defense
Defense Defense Time % Phy DF OF
1 William Borgen Nick Blankenburg 50 0 5 0
2 Ryan Johnson Marcus Bjork 50 0 5 0
4 vs 4 Forward
Center Wing Time % Phy DF OF
1 Egor Afanasyev Juuso Parssinen 50 0 3 2
2 Jack McBain Tye Kartye 50 0 3 2
4 vs 4 Defense
Defense Defense Time % Phy DF OF
1 William Borgen Nick Blankenburg 50 0 3 2
2 Ryan Johnson Marcus Bjork 50 0 3 2
Last Minutes Offensive
Center Left Wing Right Wing Defense Defense
Jack McBain Juuso Parssinen James Malatesta William Borgen Nick Blankenburg
Last Minutes Defensive
Center Left Wing Right Wing Defense Defense
Jack McBain Brandon Duhaime Pontus Holmberg William Borgen Nick Blankenburg
Goaltenders
Starting : Jake Allen
Backup : Spencer Martin
Extra Forwards
Normal : Brett Murray, Nils Aman, Pontus Holmberg - PP : Brett Murray, Nils Aman - PK : Jack McBain
Extra Defensemen
Normal : Tyler Kleven, William Borgen, Marcus Bjork - PP : Tyler Kleven - PK : William Borgen, Marcus Bjork
Penalty Shots
Juuso Parssinen, Brandon Duhaime, Egor Afanasyev, Tye Kartye, Brett Murray
Scratches
Ryan Winterton (Healthy), Adam Klapka (Suspend), Filip Cederqvist (Healthy), Tyrel Bauer (Healthy), Matthew Seminoff (Healthy)
Ryan Hofer (Healthy), Josh Lopina (Healthy), Dennis Hildeby (Healthy)
Reno Silver Aces
5 vs 5 Forward
Center Left Wing Right Wing Time % Phy DF OF
1 Patrick Brown Vinnie Hinostroza Michael Pezzetta 30 1 2 2
2 Tanner Laczynski Valtteri Puustinen Mathieu Olivier 30 1 2 2
3 Samuel Poulin Brendan Lemieux Nicolas Deslauriers 25 1 2 2
4 Luca Del Bel Belluz Michael Pezzetta William Dufour 15 1 2 2
5 vs 5 Defense
Defense Defense Time % Phy DF OF
1 Robert Bortuzzo Jon Merrill 30 1 2 2
2 Ty Smith Dylan Coghlan 30 1 2 2
3 Jeremie Poirier William Villeneuve 25 1 2 2
4 Robert Bortuzzo Jon Merrill 15 1 2 2
PowerPlay Forward
Center Left Wing Right Wing Time % Phy DF OF
1 Patrick Brown Vinnie Hinostroza Michael Pezzetta 50 1 2 2
2 Tanner Laczynski Valtteri Puustinen Mathieu Olivier 50 1 2 2
PowerPlay Defense
Defense Defense Time % Phy DF OF
1 Robert Bortuzzo Jon Merrill 50 1 2 2
2 Ty Smith Dylan Coghlan 50 1 2 2
Penalty Kill 4 Players Forward
Center Wing Time % Phy DF OF
1 Michael Pezzetta Vinnie Hinostroza 50 1 2 2
2 Valtteri Puustinen Mathieu Olivier 50 1 2 2
Penalty Kill 4 Players Defense
Defense Defense Time % Phy DF OF
1 Robert Bortuzzo Jon Merrill 50 1 2 2
2 Ty Smith Dylan Coghlan 50 1 2 2
Penalty Kill - 3 Players Forward
Forward Time % Phy DF OF
1 Michael Pezzetta 50 1 2 2
2 Vinnie Hinostroza 50 1 2 2
Penalty Kill - 3 Players Defense
Defense Defense Time % Phy DF OF
1 Robert Bortuzzo Jon Merrill 50 1 2 2
2 Ty Smith Dylan Coghlan 50 1 2 2
4 vs 4 Forward
Center Wing Time % Phy DF OF
1 Michael Pezzetta Vinnie Hinostroza 50 1 2 2
2 Valtteri Puustinen Mathieu Olivier 50 1 2 2
4 vs 4 Defense
Defense Defense Time % Phy DF OF
1 Robert Bortuzzo Jon Merrill 50 1 2 2
2 Ty Smith Dylan Coghlan 50 1 2 2
Last Minutes Offensive
Center Left Wing Right Wing Defense Defense
Patrick Brown Vinnie Hinostroza Michael Pezzetta Robert Bortuzzo Jon Merrill
Last Minutes Defensive
Center Left Wing Right Wing Defense Defense
Patrick Brown Vinnie Hinostroza Michael Pezzetta Robert Bortuzzo Jon Merrill
Goaltenders
Starting : Philipp Grubauer
Backup : Mackenzie Blackwood
Extra Forwards
Normal : Peter Abbandonato, Nicolas Deslauriers, Samuel Poulin - PP : Peter Abbandonato, Nicolas Deslauriers - PK : Samuel Poulin
Extra Defensemen
Normal : Jeremie Poirier, William Villeneuve, Ty Smith - PP : Jeremie Poirier - PK : William Villeneuve, Ty Smith
Penalty Shots
Michael Pezzetta, Vinnie Hinostroza, Valtteri Puustinen, Mathieu Olivier, Patrick Brown
Scratches
Marshall Rifai (Healthy), Jacob Melanson (Healthy), Frederic Brunet (Healthy), Christian Kyrou (Healthy), Blade Jenkins (Healthy)
Mac Hollowell (Healthy), Wyatte Wylie (Healthy), Nathan Legare (Healthy), Jiri Patera (Healthy), Dustin Tokarski (Healthy)
% Time on Ice - Philadelphia Phantoms
Lines # - Real PCT - Wanted PCT - Time Play
Normal Forward
1 - 24% - 25% - 10:36
2 - 24% - 25% - 10:33
3 - 27% - 25% - 11:55
4 - 26% - 25% - 11:26
Normal Defense
1 - 36% - 35% - 15:48
2 - 35% - 35% - 15:46
3 - 29% - 30% - 12:56
4 - 0% - 0% - 0:00
PP Forward
1 - 49% - 50% - 6:35
2 - 51% - 50% - 6:56
PP Defense
1 - 54% - 50% - 7:14
2 - 46% - 50% - 6:17
PK Forward
1 - 18% - 50% - 0:21
2 - 82% - 50% - 1:38
PK Defense
1 - 50% - 50% - 1:00
2 - 50% - 50% - 0:59
PK3 Forward
1 - 0% - 50%
2 - 0% - 50%
PK3 Defense
1 - 0% - 50%
2 - 0% - 50%
44 Forward
1 - 0% - 50%
2 - 0% - 50%
44 Defense
1 - 0% - 50%
2 - 0% - 50%
Last Minute Offensive - 0:00
Last Minute Defensive - 0:00
Total
Forward - 60:00
Defense - 60:00
|
% Time on Ice - Reno Silver Aces
Lines # - Real PCT - Wanted PCT - Time Play
Normal Forward
1 - 26% - 30% - 11:38
2 - 27% - 30% - 12:03
3 - 30% - 25% - 13:26
4 - 17% - 15% - 7:23
Normal Defense
1 - 31% - 30% - 13:59
2 - 32% - 30% - 14:06
3 - 26% - 25% - 11:27
4 - 11% - 15% - 4:58
PP Forward
1 - 61% - 50% - 1:12
2 - 39% - 50% - 0:47
PP Defense
1 - 39% - 50% - 0:46
2 - 61% - 50% - 1:13
PK Forward
1 - 53% - 50% - 7:07
2 - 47% - 50% - 6:24
PK Defense
1 - 51% - 50% - 6:52
2 - 49% - 50% - 6:39
PK3 Forward
1 - 0% - 50%
2 - 0% - 50%
PK3 Defense
1 - 0% - 50%
2 - 0% - 50%
44 Forward
1 - 0% - 50%
2 - 0% - 50%
44 Defense
1 - 0% - 50%
2 - 0% - 50%
Last Minute Offensive - 0:00
Last Minute Defensive - 0:00
Total
Forward - 60:00
Defense - 60:00
|
Play-by-Play
1st period
0:01 of 1st period - Egor Afanasyev wins face-off versus Patrick Brown in neutral zone.
0:04 of 1st period - Snap shot by Alex Steeves.
0:04 of 1st period - Shot Misses the Net.
0:06 of 1st period - Snap shot by William Borgen.
0:06 of 1st period - Shot Blocked by Robert Bortuzzo.
0:08 of 1st period - Slapshot by William Borgen.
0:08 of 1st period - Shot Misses the Net.
0:26 of 1st period - Jack McBain is hit by Valtteri Puustinen and loses puck.
0:31 of 1st period - Snap shot by Valtteri Puustinen.
0:31 of 1st period - Stopped by Jake Allen without a rebound.
0:32 of 1st period - Pontus Holmberg wins face-off versus Samuel Poulin in Philadelphia Phantoms zone.
0:42 of 1st period - Nicolas Deslauriers beats up Marcus Bjork.
0:42 of 1st period - Penalty to Nicolas Deslauriers for Fighting.
0:42 of 1st period - Penalty to Marcus Bjork for Fighting.
0:43 of 1st period - Nils Aman wins face-off versus Luca Del Bel Belluz in Reno Silver Aces zone.
0:54 of 1st period - Snap shot by Luca Del Bel Belluz.
0:54 of 1st period - Stopped by Jake Allen with a rebound.
1:08 of 1st period - Louis Crevier is hit by Tanner Laczynski and loses puck.
1:14 of 1st period - Off-side.
1:15 of 1st period - Samuel Poulin wins face-off versus Jack McBain in neutral zone.
1:40 of 1st period - Dylan Coghlan is hit by Juuso Parssinen.
2:31 of 1st period - Minor Penalty to Brendan Lemieux for Roughing.
2:32 of 1st period - Michael Pezzetta wins face-off versus Juuso Parssinen in Reno Silver Aces zone.
2:48 of 1st period - Wrist shot by Egor Afanasyev.
2:48 of 1st period - Stopped by Philipp Grubauer with a rebound.
4:31 of 1st period - Penalty to Brendan Lemieux is over, Brendan Lemieux is back on ice.
4:43 of 1st period - Brendan Lemieux is hit by Lukas Rousek and loses puck.
4:58 of 1st period - Snap shot by Jaret Anderson-Dolan.
4:58 of 1st period - Stopped by Philipp Grubauer without a rebound.
4:59 of 1st period - Pontus Holmberg wins face-off versus Luca Del Bel Belluz in Reno Silver Aces zone.
5:26 of 1st period - Wrist shot by Valtteri Puustinen.
5:26 of 1st period - Stopped by Jake Allen with a rebound.
6:25 of 1st period - Snap shot by Juuso Parssinen.
6:25 of 1st period - Shot Blocked by Mathieu Olivier.
6:27 of 1st period - Minor Penalty to Mathieu Olivier for Tripping.
6:28 of 1st period - Egor Afanasyev wins face-off versus Valtteri Puustinen in Reno Silver Aces zone.
6:29 of 1st period - Snap shot by Juuso Parssinen.
6:29 of 1st period - Stopped by Philipp Grubauer without a rebound.
6:30 of 1st period - Egor Afanasyev wins face-off versus Valtteri Puustinen in Reno Silver Aces zone.
6:43 of 1st period - Wrist shot by Alex Steeves.
6:43 of 1st period - Shot Blocked by Samuel Poulin.
6:53 of 1st period - Egor Afanasyev is hit by Michael Pezzetta and loses puck.
6:58 of 1st period - Slapshot by Vinnie Hinostroza.
6:58 of 1st period - Shot Misses the Net.
7:00 of 1st period - Snap shot by Michael Pezzetta.
7:00 of 1st period - Shot Blocked by James Malatesta.
8:27 of 1st period - Penalty to Mathieu Olivier is over, Mathieu Olivier is back on ice.
8:29 of 1st period - Slapshot by Dylan Coghlan.
8:29 of 1st period - Stopped by Jake Allen without a rebound.
8:30 of 1st period - Luca Del Bel Belluz wins face-off versus Nils Aman in Philadelphia Phantoms zone.
8:33 of 1st period - Wrist shot by Michael Pezzetta.
8:33 of 1st period - Shot Misses the Net.
8:44 of 1st period - Minor Penalty to Michael Pezzetta for Interference.
8:45 of 1st period - Samuel Poulin wins face-off versus Jack McBain in Reno Silver Aces zone.
9:01 of 1st period - Snap shot by Jack McBain.
9:01 of 1st period - Shot Misses the Net.
10:44 of 1st period - Penalty to Michael Pezzetta is over, Michael Pezzetta is back on ice.
10:54 of 1st period - Brendan Lemieux is hit by Ryan Johnson and loses puck.
11:25 of 1st period - Wrist shot by Luca Del Bel Belluz.
11:25 of 1st period - Deflect By William Dufour.
11:25 of 1st period - Stopped by Jake Allen with a rebound.
11:27 of 1st period - Snap shot by Luca Del Bel Belluz.
11:27 of 1st period - Shot Misses the Net.
11:47 of 1st period - Snap shot by Vinnie Hinostroza.
11:47 of 1st period - Deflect By Valtteri Puustinen.
11:47 of 1st period - Shot Blocked by William Borgen.
11:47 of 1st period - Puck is out of play.
11:48 of 1st period - Tanner Laczynski wins face-off versus Pontus Holmberg in Philadelphia Phantoms zone.
12:17 of 1st period - Juuso Parssinen is hit by Patrick Brown and loses puck.
12:22 of 1st period - Wrist shot by Vinnie Hinostroza.
12:22 of 1st period - Shot Misses the Net.
12:31 of 1st period - Icing by Tye Kartye.
12:32 of 1st period - Samuel Poulin wins face-off versus Jack McBain in Philadelphia Phantoms zone.
12:37 of 1st period - Wrist shot by Brendan Lemieux.
12:37 of 1st period - Stopped by Jake Allen without a rebound.
12:38 of 1st period - Patrick Brown wins face-off versus Brett Murray in Philadelphia Phantoms zone.
12:39 of 1st period - Snap shot by Vinnie Hinostroza.
12:39 of 1st period - Shot Misses the Net.
12:41 of 1st period - Slapshot by Jon Merrill.
12:41 of 1st period - Stopped by Jake Allen with a rebound.
12:43 of 1st period - Snap shot by Michael Pezzetta.
12:43 of 1st period - Shot Blocked by Nick Blankenburg.
12:45 of 1st period - Slapshot by Robert Bortuzzo.
12:45 of 1st period - Shot Misses the Net.
12:47 of 1st period - Slapshot by Jon Merrill.
12:47 of 1st period - Stopped by Jake Allen with a rebound.
13:08 of 1st period - Slapshot by Jack McBain.
13:08 of 1st period - Goal by Jack McBain - Philadelphia Phantoms : 1 - Reno Silver Aces : 0.
13:09 of 1st period - Tanner Laczynski wins face-off versus Alex Steeves in neutral zone.
13:20 of 1st period - Juuso Parssinen is hit by Mathieu Olivier and loses puck.
14:22 of 1st period - Slapshot by Lukas Rousek.
14:22 of 1st period - Shot Misses the Net.
14:24 of 1st period - Backhand shot by William Borgen.
14:24 of 1st period - Shot Misses the Net.
14:40 of 1st period - Snap shot by Tanner Laczynski.
14:40 of 1st period - Shot Blocked by Brandon Duhaime.
14:42 of 1st period - Slapshot by Robert Bortuzzo.
14:42 of 1st period - Deflect By Tanner Laczynski.
14:42 of 1st period - Stopped by Jake Allen with a rebound.
14:56 of 1st period - Wrist shot by Mathieu Olivier.
14:56 of 1st period - Stopped by Jake Allen with a rebound.
15:00 of 1st period - Wrist shot by Valtteri Puustinen.
15:00 of 1st period - Stopped by Jake Allen without a rebound.
15:01 of 1st period - Patrick Brown wins face-off versus Brett Murray in Philadelphia Phantoms zone.
15:16 of 1st period - Slapshot by Vinnie Hinostroza.
15:16 of 1st period - Shot Misses the Net.
15:34 of 1st period - Snap shot by Jack McBain.
15:34 of 1st period - Stopped by Philipp Grubauer with a rebound.
15:40 of 1st period - Snap shot by Jack McBain.
15:40 of 1st period - Stopped by Philipp Grubauer without a rebound.
15:41 of 1st period - Patrick Brown wins face-off versus Egor Afanasyev in Reno Silver Aces zone.
15:41 of 1st period - Patrick Brown is hit by Alex Steeves.
15:56 of 1st period - Snap shot by Vinnie Hinostroza.
15:56 of 1st period - Shot Misses the Net.
16:27 of 1st period - Ty Smith is hit by Marcus Bjork.
16:31 of 1st period - Egor Afanasyev is hit by Ty Smith and loses puck.
17:35 of 1st period - Michael Pezzetta is hit by Egor Afanasyev and loses puck.
18:21 of 1st period - Dylan Coghlan is hit by Alex Steeves and loses puck.
19:01 of 1st period - Patrick Brown is hit by Tye Kartye.
19:23 of 1st period - Jon Merrill is hit by William Borgen and loses puck.
19:52 of 1st period - Pontus Holmberg is hit by Michael Pezzetta and loses puck.
Goals for this period are 1 for Philadelphia Phantoms vs 0 for Reno Silver Aces.
Shots for this period are 6 for Philadelphia Phantoms vs 11 for Reno Silver Aces.
2nd period
0:01 of 2nd period - Jack McBain wins face-off versus Patrick Brown in neutral zone.
0:37 of 2nd period - Snap shot by Vinnie Hinostroza.
0:37 of 2nd period - Shot Blocked by Tyler Kleven.
0:53 of 2nd period - Snap shot by Michael Pezzetta.
0:53 of 2nd period - Stopped by Jake Allen with a rebound.
0:55 of 2nd period - Snap shot by Vinnie Hinostroza.
0:55 of 2nd period - Shot Blocked by Pontus Holmberg.
0:59 of 2nd period - Snap shot by Vinnie Hinostroza.
0:59 of 2nd period - Shot Misses the Net.
1:01 of 2nd period - Wrist shot by Michael Pezzetta.
1:01 of 2nd period - Shot Misses the Net.
1:03 of 2nd period - Snap shot by Vinnie Hinostroza.
1:03 of 2nd period - Stopped by Jake Allen with a rebound.
1:05 of 2nd period - Slapshot by Jon Merrill.
1:05 of 2nd period - Shot Blocked by James Malatesta.
1:07 of 2nd period - Slapshot by Robert Bortuzzo.
1:07 of 2nd period - Stopped by Jake Allen with a rebound.
1:09 of 2nd period - Snap shot by Patrick Brown.
1:09 of 2nd period - Stopped by Jake Allen without a rebound.
1:10 of 2nd period - Egor Afanasyev wins face-off versus Tanner Laczynski in Philadelphia Phantoms zone.
1:35 of 2nd period - Tye Kartye is hit by Nicolas Deslauriers and loses puck.
2:00 of 2nd period - Snap shot by Brandon Duhaime.
2:00 of 2nd period - Stopped by Philipp Grubauer with a rebound.
2:02 of 2nd period - Backhand shot by Nick Blankenburg.
2:02 of 2nd period - Stopped by Philipp Grubauer with a rebound.
2:04 of 2nd period - Slapshot by Nick Blankenburg.
2:04 of 2nd period - Shot Blocked by William Villeneuve.
2:14 of 2nd period - Backhand shot by Luca Del Bel Belluz.
2:14 of 2nd period - Shot Blocked by Alex Steeves.
2:16 of 2nd period - Wrist shot by William Villeneuve.
2:16 of 2nd period - Shot Blocked by William Borgen.
2:18 of 2nd period - Snap shot by William Dufour.
2:18 of 2nd period - Stopped by Jake Allen with a rebound.
2:20 of 2nd period - Snap shot by Luca Del Bel Belluz.
2:20 of 2nd period - Shot Blocked by Nick Blankenburg.
2:51 of 2nd period - Minor Penalty to Nicolas Deslauriers for Slashing.
2:52 of 2nd period - Jack McBain wins face-off versus Valtteri Puustinen in Reno Silver Aces zone.
2:55 of 2nd period - Snap shot by Tye Kartye.
2:55 of 2nd period - Stopped by Philipp Grubauer without a rebound.
2:56 of 2nd period - Jack McBain wins face-off versus Valtteri Puustinen in Reno Silver Aces zone.
3:23 of 2nd period - Snap shot by Alex Steeves.
3:23 of 2nd period - Shot Misses the Net.
4:51 of 2nd period - Penalty to Nicolas Deslauriers is over, Nicolas Deslauriers is back on ice.
5:08 of 2nd period - Icing by William Borgen.
5:09 of 2nd period - Nils Aman wins face-off versus Luca Del Bel Belluz in Philadelphia Phantoms zone.
5:18 of 2nd period - Wrist shot by Nils Aman.
5:18 of 2nd period - Shot Misses the Net.
5:26 of 2nd period - Lukas Rousek is hit by Michael Pezzetta and loses puck.
5:37 of 2nd period - William Villeneuve is hit by William Borgen.
5:54 of 2nd period - Off-side.
5:55 of 2nd period - Pontus Holmberg wins face-off versus Tanner Laczynski in neutral zone.
6:54 of 2nd period - Wrist shot by Tye Kartye.
6:54 of 2nd period - Shot Misses the Net.
6:56 of 2nd period - Minor Penalty to Michael Pezzetta for High sticking.
6:57 of 2nd period - Egor Afanasyev wins face-off versus Valtteri Puustinen in Reno Silver Aces zone.
6:58 of 2nd period - Slapshot by Juuso Parssinen.
6:58 of 2nd period - Stopped by Philipp Grubauer with a rebound.
7:00 of 2nd period - Slapshot by William Borgen.
7:00 of 2nd period - Shot Misses the Net.
7:02 of 2nd period - Slapshot by Alex Steeves.
7:02 of 2nd period - Shot Blocked by Robert Bortuzzo.
7:10 of 2nd period - Snap shot by Valtteri Puustinen.
7:10 of 2nd period - Shot Blocked by Nick Blankenburg.
8:56 of 2nd period - Penalty to Michael Pezzetta is over, Michael Pezzetta is back on ice.
9:16 of 2nd period - Slapshot by William Dufour.
9:16 of 2nd period - Shot Misses the Net.
9:26 of 2nd period - Jeremie Poirier is hit by Pontus Holmberg and loses puck.
9:45 of 2nd period - Louis Crevier is hit by Tanner Laczynski and loses puck.
11:28 of 2nd period - Tye Kartye is hit by Mathieu Olivier and loses puck.
12:11 of 2nd period - Jaret Anderson-Dolan is hit by Valtteri Puustinen and loses puck.
12:28 of 2nd period - William Borgen is hit by Peter Abbandonato and loses puck.
13:10 of 2nd period - Jack McBain is hit by Brendan Lemieux and loses puck.
13:44 of 2nd period - Nils Aman is hit by William Dufour and loses puck.
14:16 of 2nd period - Juuso Parssinen is hit by Peter Abbandonato and loses puck.
14:29 of 2nd period - Brandon Duhaime is hit by Jon Merrill and loses puck.
14:44 of 2nd period - Nils Aman is hit by Brendan Lemieux and loses puck.
14:55 of 2nd period - Brett Murray is hit by Dylan Coghlan and loses puck.
15:15 of 2nd period - Pontus Holmberg is hit by William Villeneuve and loses puck.
15:33 of 2nd period - Jeremie Poirier is hit by Nick Blankenburg.
15:43 of 2nd period - Nick Blankenburg is hit by Patrick Brown and loses puck.
16:08 of 2nd period - Louis Crevier is hit by Tanner Laczynski and loses puck.
16:41 of 2nd period - Backhand shot by Lukas Rousek.
16:41 of 2nd period - Stopped by Philipp Grubauer with a rebound.
16:43 of 2nd period - Snap shot by Nils Aman.
16:43 of 2nd period - Stopped by Philipp Grubauer without a rebound.
16:44 of 2nd period - Luca Del Bel Belluz wins face-off versus Nils Aman in Reno Silver Aces zone.
16:46 of 2nd period - Minor Penalty to Dylan Coghlan for Hooking.
16:47 of 2nd period - Egor Afanasyev wins face-off versus Valtteri Puustinen in Reno Silver Aces zone.
16:57 of 2nd period - Slapshot by William Borgen.
16:57 of 2nd period - Stopped by Philipp Grubauer with a rebound.
16:59 of 2nd period - Slapshot by Alex Steeves.
16:59 of 2nd period - Stopped by Philipp Grubauer with a rebound.
17:01 of 2nd period - Wrist shot by Alex Steeves.
17:01 of 2nd period - Stopped by Philipp Grubauer without a rebound.
17:02 of 2nd period - Jack McBain wins face-off versus Valtteri Puustinen in Reno Silver Aces zone.
17:13 of 2nd period - Snap shot by Brett Murray.
17:13 of 2nd period - Goal by Brett Murray - Philadelphia Phantoms : 2 - Reno Silver Aces : 0.
17:14 of 2nd period - Jack McBain wins face-off versus Patrick Brown in neutral zone.
17:19 of 2nd period - Slapshot by Ryan Johnson.
17:19 of 2nd period - Stopped by Philipp Grubauer with a rebound.
17:21 of 2nd period - Slapshot by Marcus Bjork.
17:21 of 2nd period - Deflect By Jack McBain.
17:21 of 2nd period - Goal by Jack McBain - Philadelphia Phantoms : 3 - Reno Silver Aces : 0.
17:22 of 2nd period - Patrick Brown wins face-off versus Jack McBain in neutral zone.
17:25 of 2nd period - Wrist shot by Michael Pezzetta.
17:25 of 2nd period - Goal by Michael Pezzetta - Philadelphia Phantoms : 3 - Reno Silver Aces : 1.
17:26 of 2nd period - Patrick Brown wins face-off versus Pontus Holmberg in neutral zone.
18:07 of 2nd period - Robert Bortuzzo is hit by Tye Kartye and loses puck.
19:00 of 2nd period - Luca Del Bel Belluz is hit by Jaret Anderson-Dolan and loses puck.
19:17 of 2nd period - Tanner Laczynski is hit by Jack McBain and loses puck.
19:36 of 2nd period - Jeremie Poirier is hit by Egor Afanasyev and loses puck.
19:41 of 2nd period - Wrist shot by Egor Afanasyev.
19:41 of 2nd period - Shot Blocked by William Villeneuve.
Goals for this period are 2 for Philadelphia Phantoms vs 1 for Reno Silver Aces.
Shots for this period are 12 for Philadelphia Phantoms vs 6 for Reno Silver Aces.
3rd period
0:01 of 3rd period - Jack McBain wins face-off versus Patrick Brown in neutral zone.
0:04 of 3rd period - Snap shot by Jack McBain.
0:04 of 3rd period - Shot Blocked by Robert Bortuzzo.
0:26 of 3rd period - Pontus Holmberg is hit by Valtteri Puustinen and loses puck.
0:31 of 3rd period - Wrist shot by Tanner Laczynski.
0:31 of 3rd period - Deflect By Mathieu Olivier.
0:31 of 3rd period - Stopped by Jake Allen with a rebound.
0:33 of 3rd period - Snap shot by Valtteri Puustinen.
0:33 of 3rd period - Stopped by Jake Allen with a rebound.
0:35 of 3rd period - Slapshot by Dylan Coghlan.
0:35 of 3rd period - Stopped by Jake Allen with a rebound.
0:37 of 3rd period - Snap shot by Mathieu Olivier.
0:37 of 3rd period - Shot Misses the Net.
0:44 of 3rd period - Icing by Ryan Johnson.
0:45 of 3rd period - Egor Afanasyev wins face-off versus Samuel Poulin in Philadelphia Phantoms zone.
0:48 of 3rd period - Slapshot by Samuel Poulin.
0:48 of 3rd period - Shot Misses the Net.
0:50 of 3rd period - Wrist shot by Nicolas Deslauriers.
0:50 of 3rd period - Stopped by Jake Allen with a rebound.
0:52 of 3rd period - Wrist shot by Nicolas Deslauriers.
0:52 of 3rd period - Stopped by Jake Allen with a rebound.
0:54 of 3rd period - Snap shot by Nicolas Deslauriers.
0:54 of 3rd period - Shot Misses the Net.
1:00 of 3rd period - Wrist shot by Samuel Poulin.
1:00 of 3rd period - Deflect By Marcus Bjork.
1:00 of 3rd period - Shot Misses the Net.
1:00 of 3rd period - Puck is out of play.
1:01 of 3rd period - Jack McBain wins face-off versus Patrick Brown in Philadelphia Phantoms zone.
1:26 of 3rd period - Jack McBain is hit by Nicolas Deslauriers and loses puck.
1:35 of 3rd period - Snap shot by Brendan Lemieux.
1:35 of 3rd period - Shot Blocked by Brett Murray.
1:43 of 3rd period - Slapshot by Jack McBain.
1:43 of 3rd period - Stopped by Philipp Grubauer without a rebound.
1:44 of 3rd period - Patrick Brown wins face-off versus James Malatesta in Reno Silver Aces zone.
1:49 of 3rd period - Dylan Coghlan is hit by James Malatesta and loses puck.
2:18 of 3rd period - Wrist shot by Brandon Duhaime.
2:18 of 3rd period - Stopped by Philipp Grubauer without a rebound.
2:19 of 3rd period - Egor Afanasyev wins face-off versus Tanner Laczynski in Reno Silver Aces zone.
2:20 of 3rd period - Slapshot by Juuso Parssinen.
2:20 of 3rd period - Stopped by Philipp Grubauer with a rebound.
3:06 of 3rd period - Icing by Robert Bortuzzo.
3:07 of 3rd period - Samuel Poulin wins face-off versus Brandon Duhaime in Reno Silver Aces zone.
3:34 of 3rd period - Slapshot by Brandon Duhaime.
3:34 of 3rd period - Stopped by Philipp Grubauer without a rebound.
3:35 of 3rd period - Egor Afanasyev wins face-off versus Patrick Brown in Reno Silver Aces zone.
3:41 of 3rd period - Nick Blankenburg beats up Michael Pezzetta.
3:41 of 3rd period - Penalty to Michael Pezzetta for Fighting.
3:41 of 3rd period - Penalty to Nick Blankenburg for Fighting.
3:42 of 3rd period - Jack McBain wins face-off versus Tanner Laczynski in Reno Silver Aces zone.
4:39 of 3rd period - Wrist shot by Juuso Parssinen.
4:39 of 3rd period - Stopped by Philipp Grubauer with a rebound.
4:41 of 3rd period - Snap shot by Egor Afanasyev.
4:41 of 3rd period - Shot Misses the Net.
5:27 of 3rd period - Slapshot by Mathieu Olivier.
5:27 of 3rd period - Shot Hit the Post.
5:29 of 3rd period - Snap shot by Tanner Laczynski.
5:29 of 3rd period - Shot Blocked by William Borgen.
5:31 of 3rd period - Snap shot by Robert Bortuzzo.
5:31 of 3rd period - Stopped by Jake Allen without a rebound.
5:32 of 3rd period - Patrick Brown wins face-off versus Egor Afanasyev in Philadelphia Phantoms zone.
5:33 of 3rd period - Snap shot by Vinnie Hinostroza.
5:33 of 3rd period - Deflect By Egor Afanasyev.
5:33 of 3rd period - Shot Misses the Net.
5:33 of 3rd period - Puck is out of play.
5:34 of 3rd period - Egor Afanasyev wins face-off versus Patrick Brown in Philadelphia Phantoms zone.
5:46 of 3rd period - Minor Penalty to Peter Abbandonato for Holding.
5:47 of 3rd period - Valtteri Puustinen wins face-off versus Egor Afanasyev in Reno Silver Aces zone.
5:51 of 3rd period - Slapshot by Robert Bortuzzo.
5:51 of 3rd period - Stopped by Jake Allen without a rebound.
5:52 of 3rd period - Valtteri Puustinen wins face-off versus Egor Afanasyev in Philadelphia Phantoms zone.
5:53 of 3rd period - Wrist shot by Mathieu Olivier.
5:53 of 3rd period - Stopped by Jake Allen with a rebound.
5:55 of 3rd period - Slapshot by Jon Merrill.
5:55 of 3rd period - Shot Misses the Net.
5:57 of 3rd period - Slapshot by Robert Bortuzzo.
5:57 of 3rd period - Shot Misses the Net.
5:59 of 3rd period - Wrist shot by Jon Merrill.
5:59 of 3rd period - Deflect By Valtteri Puustinen.
5:59 of 3rd period - Stopped by Jake Allen with a rebound.
6:01 of 3rd period - Snap shot by Jon Merrill.
6:01 of 3rd period - Stopped by Jake Allen with a rebound.
6:03 of 3rd period - Snap shot by Mathieu Olivier.
6:03 of 3rd period - Stopped by Jake Allen with a rebound.
6:52 of 3rd period - Backhand shot by Jack McBain.
6:52 of 3rd period - Shot Misses the Net.
6:54 of 3rd period - Wrist shot by Tyler Kleven.
6:54 of 3rd period - Shot Misses the Net.
6:56 of 3rd period - Snap shot by Jack McBain.
6:56 of 3rd period - Goal by Jack McBain - Philadelphia Phantoms : 4 - Reno Silver Aces : 1.
6:57 of 3rd period - Tanner Laczynski wins face-off versus Pontus Holmberg in neutral zone.
7:06 of 3rd period - James Malatesta is hit by Mathieu Olivier.
7:55 of 3rd period - Nicolas Deslauriers and Brett Murray fight to a draw.
7:55 of 3rd period - Penalty to Nicolas Deslauriers for Fighting.
7:55 of 3rd period - Penalty to Brett Murray for Fighting.
7:56 of 3rd period - Egor Afanasyev wins face-off versus Tanner Laczynski in Reno Silver Aces zone.
8:17 of 3rd period - Valtteri Puustinen is hit by Tyler Kleven and loses puck.
8:24 of 3rd period - Wrist shot by Egor Afanasyev.
8:24 of 3rd period - Shot Blocked by Jon Merrill.
8:39 of 3rd period - Minor Penalty to Egor Afanasyev for Tripping.
8:40 of 3rd period - Patrick Brown wins face-off versus Jack McBain in Philadelphia Phantoms zone.
8:41 of 3rd period - Penalty to Nick Blankenburg is over, Nick Blankenburg is back on ice.
8:56 of 3rd period - Snap shot by Vinnie Hinostroza.
8:56 of 3rd period - Stopped by Jake Allen with a rebound.
10:39 of 3rd period - Penalty to Egor Afanasyev is over, Egor Afanasyev is back on ice.
10:51 of 3rd period - Snap shot by Jaret Anderson-Dolan.
10:51 of 3rd period - Stopped by Philipp Grubauer with a rebound.
11:00 of 3rd period - Minor Penalty to Brendan Lemieux for Interference.
11:01 of 3rd period - Michael Pezzetta wins face-off versus Egor Afanasyev in Reno Silver Aces zone.
11:01 of 3rd period - Michael Pezzetta is hit by William Borgen.
12:10 of 3rd period - Wrist shot by Juuso Parssinen.
12:10 of 3rd period - Stopped by Philipp Grubauer with a rebound.
12:24 of 3rd period - Nick Blankenburg is hit by Ty Smith and loses puck.
12:49 of 3rd period - Jon Merrill is hit by Brandon Duhaime and loses puck.
12:55 of 3rd period - Penalty to Nicolas Deslauriers is over, Nicolas Deslauriers is back on ice.
13:00 of 3rd period - Penalty to Brendan Lemieux is over, Brendan Lemieux is back on ice.
13:17 of 3rd period - William Villeneuve is hit by Pontus Holmberg and loses puck.
13:30 of 3rd period - Nils Aman is hit by William Villeneuve.
13:56 of 3rd period - Jaret Anderson-Dolan is hit by Vinnie Hinostroza and loses puck.
14:11 of 3rd period - Tye Kartye is hit by Dylan Coghlan and loses puck.
14:34 of 3rd period - Icing by Louis Crevier.
14:35 of 3rd period - Tanner Laczynski wins face-off versus Alex Steeves in Philadelphia Phantoms zone.
15:00 of 3rd period - William Borgen is hit by Samuel Poulin and loses puck.
15:15 of 3rd period - Snap shot by Jaret Anderson-Dolan.
15:15 of 3rd period - Stopped by Philipp Grubauer without a rebound.
15:16 of 3rd period - Jack McBain wins face-off versus Patrick Brown in Reno Silver Aces zone.
15:19 of 3rd period - Wrist shot by Jack McBain.
15:19 of 3rd period - Shot Blocked by Ty Smith.
15:27 of 3rd period - Slapshot by Vinnie Hinostroza.
15:27 of 3rd period - Stopped by Jake Allen with a rebound.
15:37 of 3rd period - Wrist shot by Nicolas Deslauriers.
15:37 of 3rd period - Stopped by Jake Allen with a rebound.
15:39 of 3rd period - Wrist shot by Nicolas Deslauriers.
15:39 of 3rd period - Shot Misses the Net.
15:41 of 3rd period - Slapshot by Robert Bortuzzo.
15:41 of 3rd period - Shot Misses the Net.
15:43 of 3rd period - Snap shot by Robert Bortuzzo.
15:43 of 3rd period - Deflect By Brendan Lemieux.
15:43 of 3rd period - Shot Blocked by Jack McBain.
15:43 of 3rd period - Puck is out of play.
15:44 of 3rd period - Nils Aman wins face-off versus Samuel Poulin in Philadelphia Phantoms zone.
15:59 of 3rd period - Wrist shot by Lukas Rousek.
15:59 of 3rd period - Stopped by Philipp Grubauer with a rebound.
17:04 of 3rd period - Snap shot by Jaret Anderson-Dolan.
17:04 of 3rd period - Shot Misses the Net.
17:06 of 3rd period - Slapshot by Nick Blankenburg.
17:06 of 3rd period - Stopped by Philipp Grubauer with a rebound.
17:08 of 3rd period - Wrist shot by Jaret Anderson-Dolan.
17:08 of 3rd period - Stopped by Philipp Grubauer without a rebound.
17:09 of 3rd period - Michael Pezzetta wins face-off versus Jack McBain in Reno Silver Aces zone.
17:14 of 3rd period - Snap shot by Vinnie Hinostroza.
17:14 of 3rd period - Shot Blocked by Tyler Kleven.
17:16 of 3rd period - Slapshot by Robert Bortuzzo.
17:16 of 3rd period - Deflect By Patrick Brown.
17:16 of 3rd period - Shot Misses the Net.
17:16 of 3rd period - Puck is out of play.
17:17 of 3rd period - Patrick Brown wins face-off versus Jack McBain in Philadelphia Phantoms zone.
17:28 of 3rd period - Wrist shot by Michael Pezzetta.
17:28 of 3rd period - Shot Blocked by Tye Kartye.
17:30 of 3rd period - Snap shot by Patrick Brown.
17:30 of 3rd period - Goal by Patrick Brown - Philadelphia Phantoms : 4 - Reno Silver Aces : 2.
17:31 of 3rd period - Luca Del Bel Belluz wins face-off versus Nils Aman in neutral zone.
18:07 of 3rd period - Snap shot by Pontus Holmberg.
18:07 of 3rd period - Shot Misses the Net.
18:47 of 3rd period - Snap shot by Louis Crevier.
18:47 of 3rd period - Stopped by Philipp Grubauer without a rebound.
18:48 of 3rd period - Tanner Laczynski wins face-off versus Nils Aman in Reno Silver Aces zone.
18:48 of 3rd period - Tanner Laczynski is hit by Brandon Duhaime.
18:58 of 3rd period - Wrist shot by Nils Aman.
18:58 of 3rd period - Stopped by Philipp Grubauer with a rebound.
19:00 of 3rd period - Slapshot by Nick Blankenburg.
19:00 of 3rd period - Deflect By Nils Aman.
19:00 of 3rd period - Shot Misses the Net.
19:00 of 3rd period - Puck is out of play.
19:01 of 3rd period - Nils Aman wins face-off versus Samuel Poulin in Reno Silver Aces zone.
19:02 of 3rd period - Wrist shot by Brandon Duhaime.
19:02 of 3rd period - Shot Misses the Net.
19:07 of 3rd period - Off-side.
19:08 of 3rd period - Nils Aman wins face-off versus Samuel Poulin in neutral zone.
19:10 of 3rd period - Nicolas Deslauriers and Brandon Duhaime fight to a draw.
19:10 of 3rd period - Penalty to Nicolas Deslauriers for Fighting.
19:10 of 3rd period - Nicolas Deslauriers is ejected from game.
19:10 of 3rd period - Penalty to Brandon Duhaime for Fighting.
19:11 of 3rd period - Samuel Poulin wins face-off versus Brett Murray in Reno Silver Aces zone.
19:18 of 3rd period - Brett Murray is hit by Peter Abbandonato and loses puck.
19:27 of 3rd period - Wrist shot by Brendan Lemieux.
19:27 of 3rd period - Deflect By Samuel Poulin.
19:27 of 3rd period - Deflect By William Borgen.
19:27 of 3rd period - Stopped by Jake Allen without a rebound.
19:28 of 3rd period - Pontus Holmberg wins face-off versus Luca Del Bel Belluz in Philadelphia Phantoms zone.
19:28 of 3rd period - Pontus Holmberg is hit by Luca Del Bel Belluz.
19:41 of 3rd period - Snap shot by Luca Del Bel Belluz.
19:41 of 3rd period - Stopped by Jake Allen without a rebound.
19:42 of 3rd period - Nils Aman wins face-off versus Samuel Poulin in Philadelphia Phantoms zone.
19:42 of 3rd period - Nils Aman is hit by Samuel Poulin.
19:54 of 3rd period - Snap shot by Lukas Rousek.
19:54 of 3rd period - Shot Misses the Net.
19:56 of 3rd period - Wrist shot by Nils Aman.
19:56 of 3rd period - Shot Blocked by Robert Bortuzzo.
19:58 of 3rd period - Backhand shot by Lukas Rousek.
19:58 of 3rd period - Stopped by Philipp Grubauer with a rebound.
Goals for this period are 1 for Philadelphia Phantoms vs 1 for Reno Silver Aces.
Shots for this period are 15 for Philadelphia Phantoms vs 17 for Reno Silver Aces.
Back to the Top